 Dungeon Sprint DCSS version 0.22.1-2-g9c5b331383 (webtiles) character file.

13100000 Groucho the Axe Maniac (level 27, -18/170 (174) HPs)
             Began as a Spriggan Abyssal Knight on Nov 16, 2018.
             Was the Champion of Makhleb.
             Demolished by a meat berserker
             ... wielding a +9 battleaxe
              (70 damage)
             ... in the Dungeon (Sprint VIII: "Arena of Blood").
             The game lasted 00:05:41 (131 turns).

Groucho the Axe Maniac (Spriggan Abyssal Knight)     Turns: 131, Time: 00:05:41

HP:   -18/170 (174) AC:  4    Str:  8    XL:     27
MP:   46/55         EV: 44    Int: 15    God:    Makhleb [******]
Gold: 0             SH:  0    Dex: 27    Spells: 80/80 levels left

rFire    . . .     SeeInvis +   j - +∞ Axe of Woe
rCold    . . .     Gourm    .   (shield currently unavailable)
rNeg     . . .     Faith    .   b - +0 robe
rPois    .         Spirit   .   (helmet restricted)
rElec    .         Reflect  .   (no cloak)
rCorr    .         Harm     .   (gloves unavailable)
MR       ++++.     NoTele   +   (boots unavailable)
Stlth    +++++++++.             (no amulet)
HPRegen  0.38/turn              (no ring)
MPRegen  0.34/turn              (no ring)

@: very quick
A: very small, unfitting armour, see invisible, herbivore, speed 3, slow
metabolism 2
a: Minor Destruction, Lesser Servant of Makhleb, Major Destruction, Greater
Servant of Makhleb, Renounce Religion


You were in the Dungeon.
You worshipped Makhleb.
Makhleb was exalted by your worship.
You were not hungry.

You visited 1 branch

Inventory:

Hand Weapons
 a - a +1 hand axe
 j - the +∞ Axe of Woe (weapon)
   (You found it in the Dungeon)
Armour
 b - a +0 robe (worn)
Jewellery
 k - a +100 ring of slaying
 l - a +250 ring of slaying
Scrolls
 i - a scroll of blinking
Potions
 d - a potion of curing
 e - a potion of heal wounds
 f - a potion of haste
 g - 2 potions of magic
 h - a potion of berserk rage
Comestibles
 c - a ration


   Skills:
 O Level 27 Fighting
 O Level 27 Axes
 O Level 27 Throwing
 O Level 27 Armour
 O Level 27 Dodging
 O Level 27 Stealth
 O Level 27 Unarmed Combat
 O Level 27 Spellcasting
 O Level 27 Invocations


You had 80 spell levels left.
You didn't know any spells.
Your spell library was empty.

Dungeon Overview and Level Annotations

Branches:
Dungeon (1/1)

Altars:
Makhleb


Innate Abilities, Weirdness & Mutations

You are very small and have problems with some larger weapons.
You are too small for most types of armour.
You have supernaturally acute eyesight. (SInv)
You are a herbivore.
You cover ground extremely quickly.
You need to consume almost no food.


Message History

The fleshlord convulses!
The bag of meat convulses! x4
You hear a shout!
You are too injured to fight recklessly!
Unknown command.
You are too injured to fight recklessly!
You hit the destroyer but do no damage. You chop the destroyer into pieces.
You destroy the destroyer!
Makhleb accepts your kill.
You hit the meat beast but do no damage.
You butcher the meat beast messily.
You kill the meat beast!
Makhleb accepts your kill.
You hear a shout!
A meat berserker comes into view. It is wielding a +9 battleaxe.
The tyrant waves its bony arms in wide circles.
The air twists around and strikes you!
A bag of meat comes into view. It is wielding a +9 war axe.
You hear a shout!
The meat berserker hits you with a +9 battleaxe!!!
You die...

.X. .O... #%.
...# . #.X ...#
. .X###..
...###o.
o.o.§.o###..ooo.
...X§§o._..Oo..
#)L)p.# #_X<)_#
#.@O).#
O......._......
......p###D.....
..###%. ...###..
. #.. .D.# . #%.
...# ... .....
.%..


You could see a tentacled monstrosity, a tyrant, an eight-headed meat hydra, 2
fleshlords, a large bag of meat (inner flame), a large abomination, 2 meat
berserkers and 6 bags of meat.

Vanquished Creatures
  A hell knight (D)
  13 hell beasts (D)
  8 greater mummies (D)
  A great orb of eyes (D)
  3 wraiths (D)
  13 vampire knights (D)
  34 ogres (D)
  4 two-headed ogres (D)
  6 liches (D)
  57 orcs (D)
  4 phantoms (D)
  8 skeletal warriors (D)
  A sea snake (D)
  8 large abominations (D)
  9 small abominations (D)
  11 crawling corpses (D)
181 creatures vanquished.

Vanquished Creatures (others)
  2 crawling corpses (D)
2 creatures vanquished.

Grand Total: 183 creatures vanquished

Notes
Turn   | Place    | Note
-------+----------+-------------------------------------------
     0 | D        | Found the +∞ Axe of Woe
     0 | D        | Groucho the Spriggan Abyssal Knight began the quest for the
                  | Orb.
     0 | D        | Reached XP level 1. HP: 11/11 MP: 3/3
     2 | D        | Noticed a bag of meat
     4 | D        | Fell from the grace of Lugonu
     4 | D        | Became a worshipper of Makhleb the Destroyer
     4 | D        | Noticed a meat berserker
     6 | D        | Noticed a bag of meat
     7 | D        | Noticed a bag of meat
     9 | D        | Noticed a bag of meat
    10 | D        | Noticed a bag of meat
    11 | D        | Killed a meat berserker
    11 | D        | Reached XP level 2. HP: 16/16 MP: 4/4
    11 | D        | Reached XP level 3. HP: 19/19 MP: 5/5
    11 | D        | Reached XP level 4. HP: 23/23 MP: 6/6
    11 | D        | Reached XP level 5. HP: 27/27 MP: 7/7
    11 | D        | Reached XP level 6. HP: 32/32 MP: 8/8
    11 | D        | Reached XP level 7. HP: 35/35 MP: 9/9
    11 | D        | Reached XP level 8. HP: 39/39 MP: 10/10
    11 | D        | Reached XP level 9. HP: 43/43 MP: 11/11
    11 | D        | Reached XP level 10. HP: 47/47 MP: 12/12
    11 | D        | Reached XP level 11. HP: 51/51 MP: 13/13
    11 | D        | Reached XP level 12. HP: 56/56 MP: 14/14
    11 | D        | Reached XP level 13. HP: 59/59 MP: 15/15
    12 | D        | Killed a bag of meat
    12 | D        | Reached * piety under Makhleb
    12 | D        | Reached skill level 27 in Axes
    12 | D        | Noticed a bag of meat
    12 | D        | Noticed a bag of meat
    13 | D        | Killed a bag of meat
    13 | D        | Reached XP level 14. HP: 63/63 MP: 16/16
    13 | D        | Noticed a meat berserker
    15 | D        | Killed a bag of meat
    15 | D        | Reached skill level 27 in Dodging
    16 | D        | Noticed a bag of meat
    17 | D        | Killed a meat berserker
    17 | D        | Reached ** piety under Makhleb
    17 | D        | Reached XP level 15. HP: 86/86 MP: 17/17
    18 | D        | Reached skill level 15 in Fighting
    19 | D        | Reached skill level 15 in Armour
    19 | D        | Reached XP level 16. HP: 98/98 MP: 18/18
    20 | D        | Noticed a meat berserker
    20 | D        | Noticed a meat berserker
    22 | D        | Reached *** piety under Makhleb
    22 | D        | Noticed a destroyer
    23 | D        | Noticed a destroyer
    24 | D        | Reached XP level 17. HP: 110/110 MP: 19/19
    24 | D        | Noticed a large bag of meat
    25 | D        | Killed a meat berserker
    25 | D        | Reached **** piety under Makhleb
    25 | D        | Killed a meat berserker
    25 | D        | Reached XP level 18. HP: 123/123 MP: 20/20
    25 | D        | Killed a destroyer
    25 | D        | Reached skill level 27 in Fighting
    25 | D        | Reached skill level 27 in Armour
    25 | D        | Reached skill level 5 in Throwing
    25 | D        | Reached skill level 5 in Invocations
    25 | D        | Noticed a meat berserker
    29 | D        | Killed a large bag of meat
    29 | D        | Reached ***** piety under Makhleb
    29 | D        | Reached skill level 10 in Throwing
    29 | D        | Reached skill level 15 in Stealth
    29 | D        | Reached skill level 10 in Invocations
    29 | D        | Reached XP level 19. HP: 132/132 MP: 20/36
    30 | D        | Killed a meat berserker
    30 | D        | Noticed a large bag of meat
    31 | D        | Noticed a destroyer
    32 | D        | Reached skill level 15 in Throwing
    32 | D        | Reached skill level 15 in Invocations
    32 | D        | Noticed a meat berserker
    32 | D        | Noticed a large bag of meat
    33 | D        | Noticed a destroyer
    34 | D        | Killed a destroyer
    34 | D        | Reached skill level 15 in Unarmed Combat
    34 | D        | Reached XP level 20. HP: 137/137 MP: 21/45
    35 | D        | Killed a large bag of meat
    35 | D        | Reached skill level 27 in Stealth
    35 | D        | Killed a destroyer
    35 | D        | Reached XP level 21. HP: 103/142 MP: 22/52
    35 | D        | Reached ****** piety under Makhleb
    36 | D        | Reached skill level 27 in Spellcasting
    38 | D        | Reached XP level 22. HP: 148/148 MP: 22/54
    40 | D        | Killed a destroyer
    40 | D        | Reached skill level 27 in Throwing
    40 | D        | Reached skill level 27 in Unarmed Combat
    40 | D        | Reached skill level 27 in Invocations
    40 | D        | Killed a large bag of meat
    42 | D        | Reached XP level 23. HP: 144/153 MP: 23/55
    43 | D        | Noticed a destroyer
    44 | D        | Noticed a destroyer
    45 | D        | Noticed a destroyer
    46 | D        | Noticed a large bag of meat
    47 | D        | Killed a destroyer
    47 | D        | Reached XP level 24. HP: 158/158 MP: 25/55
    47 | D        | Killed a destroyer
    48 | D        | Noticed a destroyer
    49 | D        | Noticed an accursed
    52 | D        | Noticed an accursed
    53 | D        | Killed a destroyer
    53 | D        | Reached XP level 25. HP: 163/163 MP: 26/55
    56 | D        | Noticed a tyrant
    56 | D        | Noticed a destroyer
    57 | D        | Killed a large bag of meat
    57 | D        | Noticed an accursed
    59 | D        | Noticed an accursed
    60 | D        | Killed an accursed
    60 | D        | Reached XP level 26. HP: 86/169 MP: 28/55
    64 | D        | Killed a destroyer
    64 | D        | Reached XP level 27. HP: 174/174 MP: 29/55
    64 | D        | Killed an accursed
    66 | D        | Killed a tyrant
    66 | D        | Noticed a dread
    68 | D        | Noticed a meat beast
    68 | D        | Noticed a meat beast
    69 | D        | Noticed a meat beast
    70 | D        | Noticed a dread
    70 | D        | Noticed a meat beast
    71 | D        | Killed a meat beast
    71 | D        | Killed a dread
    71 | D        | Killed an accursed
    71 | D        | Noticed a meat beast
    72 | D        | Killed an accursed
    73 | D        | Killed a meat beast
    73 | D        | Noticed a tyrant
    75 | D        | Killed a meat beast
    75 | D        | Killed a dread
    76 | D        | Killed a meat beast
    76 | D        | Noticed a meat beast
    77 | D        | Noticed a meat beast
    78 | D        | Noticed a meat beast
    79 | D        | Killed a meat beast
    79 | D        | Noticed an accursed
    80 | D        | Killed a meat beast
    82 | D        | Killed a meat beast
    82 | D        | Noticed a meat beast
    85 | D        | Noticed a meat beast
    86 | D        | Killed a meat beast
    86 | D        | Noticed a destroyer
    87 | D        | Killed a destroyer
    87 | D        | Killed a tyrant
    90 | D        | Noticed a meat beast
    91 | D        | Killed a meat beast
    92 | D        | Killed a destroyer
    93 | D        | Noticed an accursed
    93 | D        | Noticed a tyrant
    94 | D        | Killed a meat beast
    95 | D        | Noticed a dread
    96 | D        | Noticed a destroyer
    98 | D        | Killed an accursed
    98 | D        | Noticed an accursed
   100 | D        | Killed a destroyer
   100 | D        | Noticed a tyrant
   104 | D        | Noticed a tyrant
   105 | D        | Noticed a destroyer
   105 | D        | Killed a tyrant
   105 | D        | Noticed an accursed
   109 | D        | Noticed a tyrant
   111 | D        | Killed a dread
   112 | D        | Killed an accursed
   112 | D        | Noticed a meat beast
   114 | D        | Killed a destroyer
   115 | D        | Noticed a tyrant
   115 | D        | Noticed a tyrant
   116 | D        | Killed a tyrant
   117 | D        | Killed a tyrant
   118 | D        | Killed an accursed
   118 | D        | Killed a meat beast
   121 | D        | Noticed a destroyer
   123 | D        | Noticed a fleshlord
   123 | D        | Noticed a destroyer
   124 | D        | Noticed a fleshlord
   125 | D        | Killed a fleshlord
   126 | D        | Noticed a fleshlord
   127 | D        | Noticed a meat beast
   127 | D        | Killed a meat beast
   127 | D        | Noticed a large bag of meat
   128 | D        | Killed a tyrant
   128 | D        | Killed an accursed
   131 | D        | Killed a destroyer
   131 | D        | Killed a meat beast
   131 | D        | Demolished by a meat berserker

Skill      XL: |  1  2  3  4  5  6  7  8  9 10 11 12 13 14 15 16 17 18 19 20 21 22 |
---------------+-------------------------------------------------------------------+-----
Axes           | 25 27 | 27.0
Dodging        | 22 27 | 27.0
Fighting       | 13 17 21 25 27 | 27.0
Armour         | 12 15 19 23 27 | 27.0
Throwing       | 10 17 22 26 27 | 27.0
Stealth        | 15 25 27 | 27.0
Unarmed Combat | 9 15 19 23 27 | 27.0
Spellcasting   | 12 20 26 27 | 27.0
Invocations    | 10 18 22 26 27 | 27.0

Action                   |  1- 3 |  4- 6 |  7- 9 | 10-12 | 13-15 | 16-18 | 19-21 | 22-24 | 25-27 || total
-------------------------+-------+-------+-------+-------+-------+-------+-------+-------+-------++-------
Melee: Broad axe         |     1 |       |       |       |     6 |     5 |     7 |     8 |    67 ||    94
Dodge: Dodged            |       |       |       |       |       |       |       |     1 |    10 ||    11
